Map: Para Site LE

Players

IIIIIIIIIII - Winner!

  • Race: Zerg Zerg
  • League: Master
  • Spawn Location: 11:00

IIIIIIIIIIII

  • Race: Protoss Protoss
  • League: Master
  • Spawn Location: 5:00

VOD

Have the link to the VOD?

Description

Time

  • Played on: Dec. 26, 2018, 7:03 a.m.
  • Length: 25:45
Show
View Real Time Build Order
Export as new Build Order

IIIIIIIIIII Zerg - Winner!

Build Orders: Hatch First 

Get SALT Encoding   

  12  0:00  Drone  
  13  0:12  Overlord  
  13  0:17  Drone  
  14  0:31  Drone x2  
  16  0:49  Hatchery  
  15  0:51  Drone  
  15  0:54  Drone  
  17  0:58  Drone  
  18  1:09  Extractor  
  17  1:12  Spawning Pool  
  17  1:16  Drone  
  17  1:18  Drone  
  18  1:28  Drone  
  19  1:39  Drone  
  20  1:51  Overlord  
  20  1:59  Queen  
  20  2:00  Queen  
  20  2:01  Zergling x4  
  26  2:10  Metabolic Boost  
  26  2:11  Drone  
  26  2:12  Drone  
  28  2:24  Drone x2  
  30  2:35  Drone x2  
  32  2:39  Hatchery  
  32  2:44  Drone  
  32  2:45  Overlord  
  32  2:53  Queen  
  32  2:57  Drone  
  35  2:58  Drone  
  35  3:04  Drone  
  36  3:11  Drone x4  
  40  3:14  Overlord  
  40  3:15  Spore Crawler  
  40  3:18  Spore Crawler  
  39  3:27  Drone  
  39  3:29  Overlord  
  39  3:30  Drone x2  
  39  3:32  Queen  
  44  3:35  Drone  
  44  3:39  Spore Crawler  
  44  3:40  Drone  
  45  3:45  Drone x2  
  45  3:46  Drone  
  48  3:48  Drone  
  48  3:50  Queen  
  48  3:55  Spore Crawler  
  50  3:56  Drone  
  50  3:57  Drone  
  50  3:58  Drone  
  53  4:03  Overlord  
  53  4:04  Drone x2  
  53  4:06  Zergling x2  
  55  4:10  Drone  
  55  4:12  Overlord, Drone  
  57  4:24  Overlord  
  57  4:25  Lair  
  57  4:28  Roach Warren  
  57  4:29  Drone x4  
  60  4:33  Drone x2  
  60  4:34  Drone  
  60  4:37  Spore Crawler, Drone  
  63  4:40  Extractor, Drone x2  
  63  4:42  Extractor  
  63  4:44  Evolution Chamber  
  62  4:46  Drone x2  
  62  4:48  Drone  
  62  4:51  Drone x3  
  66  4:52  Drone  
  66  4:56  Overlord  
  66  4:58  Drone  
  66  4:59  Drone  
  68  5:10  Drone x4  
  68  5:12  Zerg Missile Weapons Level 1  
  68  5:13  Extractor  
  68  5:14  Extractor, Drone x2  
  73  5:16  Extractor, Drone  
  73  5:17  Drone x3  
  76  5:23  Roach  
  76  5:24  Roach  
  76  5:26  Roach  
  76  5:27  Roach  
  76  5:28  Zergling x4  
  84  5:32  Overseer  
  84  5:33  Hydralisk Den  
  84  5:34  Roach  
  85  5:40  Zergling x4  
  85  5:42  Drone  
  88  5:48  Drone x2  
  86  5:52  Queen  
  86  5:53  Queen  
  86  5:54  Drone x4  
  89  5:57  Drone x3  
  89  6:02  Drone  
  89  6:03  Drone x3  
  83  6:05  Drone  
  83  6:08  Drone  
  83  6:11  Spore Crawler  
  81  6:13  Spore Crawler  
  81  6:14  Spore Crawler  
  81  6:16  Grooved Spines  
  79  6:22  Drone x4  
  83  6:26  Drone  
  85  6:33  Hydralisk x2  
  89  6:40  Queen, Lurker Den  
  89  6:44  Overlord  
  89  6:45  Overlord  
  90  6:48  Overlord, Infestation Pit  
  90  6:50  Spire  
  89  6:57  Overlord  
  89  6:58  Overlord  
  87  7:01  Overlord  
  87  7:02  Overlord  
  87  7:05  Drone  
  88  7:10  Hydralisk x2  
  88  7:12  Hatchery  
  88  7:13  Hydralisk x2  
  95  7:16  Hydralisk  
  95  7:18  Drone  
  95  7:21  Spore Crawler  
  95  7:22  Zerg Missile Weapons Level 2  
  97  7:23  Hydralisk  
  97  7:26  Hydralisk  
  97  7:27  Muscular Augments  
  101  7:31  Pathogen Glands  
  101  7:32  Hydralisk  
  101  7:35  Hydralisk  
  105  7:39  Hydralisk x2  
  105  7:43  Hydralisk x2  
  113  7:48  Hydralisk x2  
  113  7:51  Hydralisk x2  
  119  8:01  Infestor  
  121  8:06  Drone  
  121  8:07  Zergling x10  
  121  8:11  Infestor  
  129  8:15  Overlord x2, Hatchery  
  129  8:17  Overlord  
  129  8:19  Overlord  
  128  8:21  Overlord  
  128  8:23  Infestor  
  128  8:24  Overlord  
  128  8:26  Overlord  
  130  8:28  Overlord  
  127  8:35  Overlord, Hydralisk  
  127  8:36  Hydralisk x3  
  133  8:48  Infestor  
  130  8:56  Drone x2  
  130  8:57  Infestor  
  130  9:02  Drone x9  
  143  9:03  Extractor, Hatchery  
  143  9:05  Extractor  
  137  9:13  Overlord  
  133  9:17  Drone  
  133  9:19  Drone x4  
  133  9:21  Extractor  
  134  9:24  Burrow  
  134  9:29  Extractor  
  133  9:33  Queen, Spore Crawler, Drone x6  
  133  9:35  Infestor x2  
  133  9:37  Neural Parasite  
  144  9:42  Zerg Flyer Weapons Level 1  
  144  9:44  Spore Crawler  
  143  9:45  Overseer  
  143  9:46  Drone  
  143  9:47  Infestor  
  143  9:50  Hive  
  146  9:53  Drone  
  147  10:03  Infestor  
  147  10:05  Spore Crawler, Drone x3  
  147  10:06  Drone x6  
  157  10:07  Spore Crawler  
  157  10:13  Pneumatized Carapace  
  157  10:14  Zerg Ground Armor Level 1  
  156  10:16  Drone  
  156  10:19  Evolution Chamber, Drone x5  
  161  10:25  Infestor  
  161  10:26  Infestor  
  165  10:32  Baneling Nest, Infestor  
  165  10:35  Drone  
  167  10:38  Overlord  
  167  10:43  Corruptor  
  167  10:44  Corruptor x3  
  167  10:49  Corruptor  
  177  10:58  Queen  
  177  11:03  Extractor  
  178  11:04  Hatchery  
  178  11:07  Zerg Missile Weapons Level 3  
  178  11:08  Extractor  
  178  11:10  Corruptor x4  
  184  11:20  Spire  
  184  11:24  Drone  
  184  11:26  Ultralisk Cavern  
  183  11:45  Greater Spire  
  183  11:52  Corruptor x4  
  191  11:59  Overseer x2  
  191  12:03  Drone x9  
  200  12:20  Chitinous Plating, Spore Crawler  
  200  12:21  Spore Crawler x2  
  200  12:22  Spore Crawler, Zerg Ground Armor Level 2  
  196  12:23  Spore Crawler  
  196  12:24  Spore Crawler, Adrenal Glands  
  196  12:25  Spore Crawler  
  196  12:26  Spore Crawler x2  
  196  12:27  Spore Crawler x2, Infestor x3  
  196  12:28  Spore Crawler  
  194  12:37  Spore Crawler  
  194  12:43  Ultralisk  
  194  12:44  Overseer  
  199  12:48  Overlord  
  189  13:16  Ultralisk x2  
  199  13:21  Zerg Flyer Weapons Level 2  
  199  13:22  Zerg Flyer Armor Level 1  
  197  13:44  Ultralisk x2, Zerg Melee Weapons Level 1  
  197  13:48  Corruptor x7  
  199  13:59  Spore Crawler, Anabolic Synthesis  
  199  14:01  Spore Crawler  
  169  14:20  Corruptor x14  
  179  14:26  Drone x4  
  181  14:32  Overlord x2  
  181  14:33  Overseer x2  
  181  14:38  Overlord x2  
  181  14:39  Extractor  
  181  14:40  Hatchery  
  181  14:42  Extractor  
  178  15:01  Infestor x6  
  178  15:03  Hatchery  
  178  15:05  Overseer x2  
  178  15:06  Spore Crawler, Overseer  
  178  15:07  Spore Crawler, Overseer x2  
  188  15:08  Overseer x2  
  188  15:10  Drone x2  
  188  15:11  Drone  
  188  15:13  Drone  
  191  15:14  Drone  
  191  15:15  Drone  
  191  15:21  Infestor x2  
  195  15:29  Zerg Ground Armor Level 3  
  193  15:36  Drone  
  194  15:49  Ultralisk  
  193  16:17  Corruptor  
  193  16:18  Corruptor x10  
  181  16:37  Infestor x3  
  185  16:44  Extractor  
  184  16:47  Infestor x2  
  184  16:52  Drone x3  
  191  17:05  Spore Crawler  
  191  17:06  Spore Crawler x2  
  188  17:13  Infestor x4  
  188  17:14  Overseer x2  
  196  17:26  Zerg Flyer Weapons Level 3  
  196  17:30  Drone x4  
  200  17:39  Zerg Flyer Armor Level 2  
  200  17:44  Hatchery  
  200  17:45  Extractor  
  200  17:46  Extractor  
  197  17:53  Queen  
  199  18:02  Spore Crawler  
  199  18:05  Spore Crawler  
  197  18:06  Spore Crawler  
  196  18:17  Hydralisk x2  
  200  18:23  Zerg Melee Weapons Level 2  
  200  18:26  Overseer x4  
  200  18:29  Spore Crawler  
  200  18:30  Spore Crawler  
  200  18:31  Spine Crawler  
  191  19:04  Hatchery  
  191  19:05  Brood Lord x4  
  191  19:06  Brood Lord  
  200  19:16  Brood Lord x3  
  194  19:17  Hatchery  
  194  19:18  Brood Lord x2  
  194  19:19  Overlord x2  
  194  19:20  Overlord  
  197  19:27  Overlord  
  197  19:37  Overlord  
  197  19:52  Hydralisk  
  199  20:00  Zergling x2  
  200  20:32  Extractor, Spore Crawler  
  200  20:33  Spore Crawler  
  162  20:57  Infestor x11  
  162  21:03  Zergling x30  
  198  21:11  Zerg Flyer Armor Level 3  
  198  21:12  Zerg Melee Weapons Level 3  
  198  21:26  Hatchery  
  198  21:31  Zergling x8  
  195  22:04  Corruptor x2  
  195  22:07  Spore Crawler  
  195  22:08  Spine Crawler  
  197  22:13  Spine Crawler  
  194  22:26  Corruptor x5  
  192  22:38  Zergling x16  
  200  22:56  Spine Crawler, Overseer  
  200  22:57  Spine Crawler  
  198  22:59  Spine Crawler  
  198  23:00  Spine Crawler  
  195  23:32  Infestor x2  
  191  24:25  Overseer  
  191  24:27  Corruptor x4  
  193  24:49  Overseer x2  
  192  25:03  Corruptor x4  
Show
View Real Time Build Order
Export as new Build Order

IIIIIIIIIIII Protoss 

Build Orders: 1 Gate Expand, Oracle Opening, Carriers 

Get SALT Encoding   

  12  0:00  Probe  
  13  0:13  Probe  
  14  0:19  Pylon  
  14  0:25  Probe  
  15  0:33  Probe  
  15  0:41  Probe  
  16  0:44  Gateway  
  16  0:48  Assimilator  
  17  0:51  Probe  
  17  0:56  Assimilator  
  18  1:03  Probe  
  19  1:15  Probe  
  20  1:26  Nexus  
  20  1:34  Cybernetics Core  
  20  1:36  Probe  
  21  1:42  Assimilator  
  21  1:49  Probe  
  21  1:52  Pylon  
  22  2:01  Probe, Adept  
  23  2:13  Probe  
  26  2:21  Stargate  
  26  2:25  Probe  
  26  2:27  Adept  
  29  2:35  Probe x2, Warp Gate  
  29  2:43  Probe  
  29  2:44  Probe  
  33  2:51  Probe  
  33  2:53  Probe  
  33  2:54  Stalker  
  37  3:03  Probe  
  37  3:05  Probe  
  39  3:10  Oracle  
  42  3:15  Probe  
  42  3:17  Probe  
  42  3:28  Probe, Pylon  
  42  3:29  Probe  
  42  3:31  Gateway  
  44  3:39  Oracle, Assimilator  
  44  3:40  Probe  
  45  3:41  Probe  
  45  3:42  Assimilator  
  49  3:52  Probe  
  49  3:53  Probe  
  51  3:57  Pylon  
  51  4:04  Probe  
  51  4:05  Probe  
  51  4:07  Stargate  
  51  4:09  Oracle  
  53  4:16  Probe  
  54  4:17  Probe  
  54  4:20  Pylon  
  58  4:28  Probe  
  60  4:33  Nexus  
  60  4:37  Oracle  
  59  4:44  Oracle, Adept x2  
  63  4:46  Pylon  
  66  4:59  Probe  
  70  5:04  Probe, Shield Battery  
  71  5:08  Adept x2  
  71  5:11  Pylon  
  71  5:13  Probe  
  76  5:16  Probe  
  77  5:27  Fleet Beacon  
  77  5:29  Stargate  
  77  5:32  Probe x2, Assimilator  
  79  5:36  Assimilator  
  79  5:37  Pylon  
  79  5:44  Probe  
  79  5:45  Probe  
  79  5:53  Probe  
  79  5:57  Probe x2  
  76  6:00  Tempest x2  
  75  6:05  Probe  
  75  6:06  Tempest  
  82  6:12  Probe  
  82  6:18  Probe x2  
  90  6:20  Pylon  
  90  6:21  Pylon  
  90  6:24  Probe  
  91  6:33  Tempest  
  91  6:36  Probe  
  91  6:37  Probe x2  
  91  6:39  Tempest  
  94  6:43  Tempest  
  109  7:00  Shield Battery  
  109  7:02  Pylon  
  109  7:06  Forge  
  109  7:08  Pylon  
  109  7:10  Protoss Air Weapons Level 1  
  109  7:11  Pylon  
  109  7:15  Tempest  
  109  7:19  Tempest  
  109  7:21  Pylon  
  119  7:24  Tempest  
  124  7:37  Probe x2  
  124  7:38  Probe  
  124  7:43  Photon Cannon  
  127  7:49  Tempest  
  124  7:55  Tempest  
  124  8:02  Tempest  
  134  8:06  Gateway  
  134  8:08  Nexus, Gateway  
  134  8:10  Pylon  
  134  8:11  Pylon  
  139  8:13  Zealot x2  
  143  8:29  Photon Cannon  
  143  8:31  Photon Cannon  
  143  8:32  Photon Cannon  
  143  8:33  Tempest  
  146  8:35  Photon Cannon, Shield Battery  
  146  8:37  Tempest  
  131  8:59  Twilight Council  
  131  9:04  Zealot x2  
  131  9:05  Assimilator  
  131  9:08  Probe x3  
  131  9:09  Assimilator  
  138  9:15  Protoss Air Weapons Level 2  
  137  9:18  Carrier x3  
  137  9:20  Mothership  
  155  9:36  Photon Cannon, Shield Battery  
  155  9:37  Photon Cannon  
  155  9:45  Photon Cannon  
  155  9:47  Shield Battery  
  155  9:48  Photon Cannon  
  163  9:59  Templar Archives  
  163  10:03  Protoss Shields Level 1  
  163  10:28  Carrier x2  
  163  10:29  Carrier  
  163  10:35  Psionic Storm  
  163  10:36  Nexus  
  163  10:37  Pylon  
  181  10:43  Pylon  
  181  10:45  Pylon  
  181  10:57  Photon Cannon  
  181  10:59  Photon Cannon  
  181  11:02  High Templar x2, Shield Battery x2  
  181  11:03  Pylon  
  185  11:04  Protoss Air Weapons Level 3  
  185  11:08  High Templar  
  187  11:18  High Templar  
  189  11:34  Photon Cannon x2  
  189  11:36  Photon Cannon  
  189  11:38  Photon Cannon  
  189  11:40  Photon Cannon  
  189  11:42  Pylon  
  189  11:46  Assimilator  
  189  11:51  Assimilator  
  189  11:52  Protoss Shields Level 2  
  189  11:56  Carrier  
  189  11:59  High Templar x2  
  199  12:13  Stargate  
  199  12:17  Stargate  
  199  12:33  Pylon  
  196  13:17  High Templar x2  
  200  13:21  Protoss Air Armor Level 1  
  200  13:36  Void Ray x2  
  200  13:51  Stargate x2  
  190  14:22  High Templar x2  
  190  14:23  High Templar x2, Protoss Shields Level 3  
  192  14:24  Void Ray x2  
  192  14:31  Pylon  
  200  14:59  Robotics Facility, Pylon  
  200  15:05  Nexus  
  200  15:07  Protoss Air Armor Level 2, Pylon  
  200  15:15  Nexus  
  200  15:17  Pylon  
  200  15:20  Pylon  
  199  15:32  Photon Cannon  
  199  15:34  Photon Cannon  
  199  15:37  Photon Cannon  
  199  15:39  Photon Cannon  
  199  15:41  Photon Cannon  
  199  15:42  Photon Cannon  
  199  15:44  Photon Cannon, Shield Battery  
  199  15:47  Observer  
  197  16:13  Mothership  
  197  16:14  Void Ray  
  197  16:15  Void Ray x2  
  191  16:21  Void Ray x3  
  130  16:41  Void Ray  
  141  16:48  High Templar x4  
  149  16:59  Void Ray x3  
  161  17:04  Void Ray, Tempest x2  
  175  17:24  Tempest, High Templar x4  
  188  17:35  Observer  
  189  18:01  High Templar x3, Assimilator  
  189  18:02  High Templar, Assimilator  
  197  18:06  Archon x2  
  197  18:35  High Templar  
  197  18:39  Photon Cannon  
  197  18:40  Shield Battery  
  197  18:57  Zealot  
  197  18:59  Dark Shrine  
  193  19:19  Protoss Air Armor Level 3  
  193  19:21  Protoss Ground Weapons Level 1  
  193  19:31  Photon Cannon  
  193  19:33  Photon Cannon  
  193  19:35  Photon Cannon  
  193  19:37  Photon Cannon x2  
  193  19:40  Stargate  
  193  19:41  Stargate  
  193  19:45  Stargate  
  193  20:00  High Templar x2  
  193  20:04  Archon  
  197  20:22  Dark Templar  
  199  20:32  Mothership  
  199  20:49  Carrier x3  
  167  20:50  Carrier x6  
  100  21:01  Carrier  
  137  21:24  Zealot x3  
  138  21:38  Dark Templar  
  140  21:46  High Templar x2  
  144  21:47  High Templar  
  138  21:59  Void Ray  
  138  22:00  Void Ray x5  
  156  22:28  Observer  
  156  22:36  Zealot x4  
  158  22:56  Nexus  
  158  22:58  Pylon  
  158  23:05  Void Ray x2  
  158  23:14  High Templar x2  
  158  23:15  High Templar  
  172  23:20  Zealot  
  165  23:55  Void Ray  
  169  24:03  Pylon  
  163  24:16  High Templar  
  159  24:24  High Templar  
  150  24:51  Zealot x3  
  150  24:56  Nexus  
  150  24:57  Pylon  
  134  25:15  Pylon  
Tags
 
Add a new tag
Caveats
  • Supply blocks, unpowered buildings, or Contaminate may cause inaccurate times.
  • Supply counts are checked every 10 seconds.